 Dungeon Crawl Stone Soup version 0.29-a0-214-g17f627cfee (webtiles) character file.

Game seed: 16640505067605374757

355 spaghetti the Bolt Thrower (level 6, -1/58 HPs)
             Began as a Deep Dwarf Hunter on Feb 24, 2022.
             Was a Follower of Makhleb.
             Slain by an ogre
             ... wielding a +0 giant spiked club
              (6 damage)
             ... on level 4 of the Dungeon.
             The game lasted 00:05:17 (2117 turns).

spaghetti the Bolt Thrower (Deep Dwarf Hunter)      Turns: 2117, Time: 00:05:18

Health: -1/58      AC: 10    Str: 18      XL:     6   Next: 36%
Magic:  5/5        EV:  5    Int:  5 (6)  God:    Makhleb [*.....]
Gold:   230        SH:  0    Dex: 15      Spells: 5/5 levels left

rFire   . . .      SeeInvis .   b - +8 flail "Newtslayer" {vorpal, rN+ Will++ Int-5 Dex+2, mace}
rCold   . . .      Faith    .   (no shield)
rNeg    + . .      Spirit   .   n - +0 plate armour
rPois   .          Reflect  .   (no helmet)
rElec   .          Harm     .   (no cloak)
rCorr   .          Rampage  .   (no gloves)
Will    ++...                   (no boots)
Stlth   ..........              (no amulet)
HPRegen 0.00/turn               (no ring)
MPRegen 0.09/turn               (no ring)

@: no status effects
A: damage resistance, heal wounds, sense surroundings 1, no regeneration
a: Heal Wounds, Renounce Religion


You were on level 4 of the Dungeon.
You worshipped Makhleb.
Makhleb was aware of your devotion.
You visited 1 branch of the dungeon, and saw 4 of its levels.

You collected 230 gold pieces.


Innate Abilities, Weirdness & Mutations

You are resistant to damage.
You can heal yourself by infusing magical energy.
You passively map a small area around you.
You do not regenerate.


   Skills:
 + Level 4.5 Fighting
 + Level 6.7 Crossbows
 - Level 2.1 Dodging
 - Level 1.2 Stealth


You had 5 spell levels left.
You didn't know any spells.
Your spell library contained the following spells:

 Spells                   Type           Power      Damage    Failure   Level
 Animate Skeleton         Necr           0%         N/A       100%        1
 Apportation              Tloc           0%         N/A       100%        1
 Summon Small Mammal      Summ           0%         N/A       100%        1

Inventory:

Hand Weapons
 a - a +1 hand crossbow {crossbow}
 b - the +8 flail "Newtslayer" (weapon) {vorpal, rN+ Will++ Int-5 Dex+2, mace}
   (You found it on level 2 of the Dungeon)

   It inflicts extra damage upon your enemies.
   Int:       It affects your intelligence (-5).
   Dex:       It affects your dexterity (+2).
   rN:        It protects you from negative energy.
   Will:      It greatly increases your willpower.
 i - a +0 dagger of flaming {short}
   (You took it off a goblin on level 1 of the Dungeon)
Missiles
 c - 89 stones {throwing}
 l - a throwing net {=f!fthrowing}
 m - 13 poisoned darts {throwing}
Armour
 k - a +0 leather armour
 n - a +0 plate armour (worn)
   (You found it on level 2 of the Dungeon)
Wands
 v - a wand of polymorph (8)
   (You found it on level 3 of the Dungeon)
Scrolls
 d - a scroll of immolation {unknown}
 f - 2 scrolls of identify {unknown}
 h - 2 scrolls of amnesia {unknown}
 o - 2 scrolls of fear {unknown}
 q - 2 scrolls of enchant armour {unknown}
 t - 2 scrolls of teleportation {unknown}
Potions
 e - a potion of berserk rage {unknown}
 g - 2 potions of ambrosia {unknown}
 j - a potion of cancellation {unknown}
 p - a potion of curing {@q1}
 r - 3 potions of heal wounds {unknown}
 s - a potion of lignification {unknown}
 u - a potion of invisibility {unknown}
 w - a potion of haste {unknown}

Dungeon Overview and Level Annotations

Branches:
Dungeon (4/15)
 Temple: D:4-7

Altars:
Makhleb
Ru
Sif Muna

#.#.#.#.#....#.###.# ...#
*
#.#.#.#.#...###...#..,..#
*
####...#.###.#....#...,#.
* ** #...##...#.....# ..#
#...#....#....#.# #..
#.#.....#...###.# ## * **
#.#....#.####.*## *
#.#..O###.....
##.###@......., *
####.####.#.# #. *,# * *
#. , , , * #. * * *.. ,
,.. , * * * * .. * ,


You could see an ogre.


Message History

You can't go up here!
You climb downwards.
The ogre hits you with a +0 giant spiked club!
* * * LOW HITPOINT WARNING * * *
There is a stone staircase leading up, spattered with blood here. 😱 HP[-13]
You take 13 damage, and now have 7/58 hp.
MASSIVE DAMAGE!! (PAUSE)
Okay, then.
Okay, then.
Okay, then.
Okay, then.
Okay, then.
Your magical essence is drained by the effort!
You feel much better. The ogre barely misses you.
A goblin comes into view.
It is wielding a +0 dagger. 😮 HP[+26] MP[-1]
You regained 26 hp, and now have 33/58 hp.
Really attack while wielding your +1 hand crossbow {crossbow}? [Y]es or [N]o only, please.
Really attack while wielding your +1 hand crossbow {crossbow}?
Okay, then.
You feel stupid.
You feel agile.
b - the +8 flail "Newtslayer" (weapon)
{vorpal, rN+ Will++ Int-5 Dex+2, mace} The goblin shouts!
The ogre hits you with a +0 giant spiked club!!
* * * LOW HITPOINT WARNING * * *
😱 HP[-28]
You take 28 damage, and now have 5/58 hp.
MASSIVE DAMAGE!! (PAUSE)
You sock the goblin!
You kill the goblin!
Makhleb accepts your kill.
You feel better. The ogre barely misses you. 😱 HP[+1]
You see here a +0 dagger {short}.
You see here a +0 robe.
The ball python bites you. The ball python barely misses you.
There is a stone staircase leading up here.
The ball python bites you.
* * * LOW HITPOINT WARNING * * *
The ball python grabs you.
You stop ascending the stairs.
The ball python constricts you. The ball python barely misses you.
The ball python constricts you. 😱 HP[-2]
You take 2 damage, and now have 4/58 hp.
Unknown command.
Unknown command.
You escape the ball python's grasp.
The ogre barely misses you.
You climb upwards.
There is a stone staircase leading down here.
Unknown command.
You feel better. The ball python barely misses you. x2
The ball python bites you but does no damage.
The ball python grabs you.
The ball python constricts you. 😱 HP[+10]
You regained 10 hp, and now have 14/58 hp.
You barely miss the ball python. The ball python bites you.
The ball python constricts you.
You thump the ball python!
You kill the ball python!
Makhleb accepts your kill.
There is a stone staircase leading down here.
You climb downwards.
There is a stone staircase leading up here.
Unknown command.
a - a +1 hand crossbow (weapon)
{crossbow} You now have 230 gold pieces (gained 29).
Sif Muna's wrath finds you.
You feel dopey.
Unknown command.
You start waiting.
An ogre is nearby!
An ogre is nearby!
An ogre is nearby!
Shoot: a) +1 hand crossbow {crossbow}
Press: ? - help, Q - select action, (/) - cycle Shift-Dir - straight line, f - ogre
Aim: an ogre, wielding a +0 giant spiked club (wandering, hasn't noticed you, 78% to hit)
You shoot a bolt. The ogre shouts!
The bolt hits the ogre.
Shoot: a) +1 hand crossbow {crossbow}
Press: ? - help, Q - select action, (/) - cycle Shift-Dir - straight line, f - you That would be overly suicidal.
Okay, then.
You feel stupid.
You feel agile.
b - the +8 flail "Newtslayer" (weapon)
{vorpal, rN+ Will++ Int-5 Dex+2, mace} You barely miss the ogre.
The ogre hits you with a +0 giant spiked club!
* * * LOW HITPOINT WARNING * * *
😱 HP[-9]
You take 9 damage, and now have 5/58 hp.
Unknown command.
You sock the ogre!
The ogre hits you with a +0 giant spiked club!
You die...

Skill      XL: |  1  2  3  4  5 |
---------------+----------------+-----
Fighting       | 2 3 4 |  4.5
Crossbows      | 5 6 |  6.7
Dodging        | |  2.1
Stealth        | |  1.2

Action                   |  1- 3 |  4- 6 || total
-------------------------+-------+-------++-------
Melee: Unarmed           |     5 |       ||     5
       Flail             |    19 |    73 ||    92
 Fire: Hand crossbow     |    60 |    12 ||    72
 Abil: Heal Wounds       |       |     1 ||     1
  Use: Potion            |     1 |     2 ||     3
Armor: Leather armour    |     3 |       ||     3
       Plate armour      |     5 |    67 ||    72
Dodge: Dodged            |    32 |    26 ||    58

Levels and vault maps discovered:
D:1:      eino_arrival_water_star, layout_loops_ring,
          hellmonk_ecumenical_altar_zigzags, chequers_serial_rivers_large_b
D:2:      layout_loops_ring, basic_altar
D:3:      layout_rooms, nicolae_overflow_ecumenical_swirl
D:4:      nicolae_BIG_FREAKIN_CUBE, layout_loops_ring,
          ebering_ghost_disaster_area

Notes
Turn   | Place    | Note
-------+----------+-------------------------------------------
     0 | D:1      | spaghetti the Deep Dwarf Hunter began the quest for the
                  | Orb.
     0 | D:1      | Reached XP level 1. HP: 19/19 MP: 1/1
     0 | D:1      | magus.rc [v1.9.6]
    16 | D:1      | You pick up a book of Cantrips and begin reading...
    16 | D:1      | You add the spells Animate Skeleton, Summon Small Mammal
                  | and Apportation to your library.
   121 | D:1      | Found a faded altar of an unknown god.
   125 | D:1      | Reached skill level 2 in Fighting
   132 | D:1      | Prayed at the altar of an unknown god.
   132 | D:1      | Became a worshipper of Sif Muna the Loreminder
   132 | D:1      | Reached * piety under Sif Muna
   197 | D:1      | Reached XP level 2. HP: 26/26 MP: 2/2
   814 | D:2      | Reached skill level 5 in Crossbows
   835 | D:2      | Identified the +8 flail "Newtslayer" {vorpal, rN+ Will++
                  | Int-5 Dex+2}
   851 | D:2      | Reached XP level 3. HP: 31/33 MP: 3/3
  1090 | D:2      | Reached ** piety under Sif Muna
  1094 | D:2      | Found a burning altar of Makhleb.
  1120 | D:2      | Reached skill level 3 in Fighting
  1122 | D:2      | Fell from the grace of Sif Muna
  1122 | D:2      | Became a worshipper of Makhleb the Destroyer
  1171 | D:2      | Reached XP level 4. HP: 40/42 MP: 4/4
  1807 | D:3      | Reached * piety under Makhleb
  1814 | D:3      | Found a faded altar of an unknown god.
  1817 | D:3      | Found a sacrificial altar of Ru.
  1861 | D:3      | Reached XP level 5. HP: 36/49 MP: 5/5
  1938 | D:4      | Reached skill level 6 in Crossbows
  1944 | D:4      | Noticed a black bear
  1955 | D:4      | Killed a black bear
  1956 | D:4      | Reached skill level 4 in Fighting
  2006 | D:4      | Noticed an ice beast
  2010 | D:4      | Killed an ice beast
  2011 | D:4      | Reached XP level 6. HP: 20/58 MP: 6/6
  2032 | D:4      | HP: 7/58 [ogre/+0 giant spiked club (13)]
  2038 | D:4      | HP: 5/58 [ogre/+0 giant spiked club (28)]
  2052 | D:4      | HP: 4/58 [ball python (2)]
  2116 | D:4      | HP: 5/58 [ogre/+0 giant spiked club (9)]
  2117 | D:4      | Slain by an ogre

Vanquished Creatures
  A black bear (D:4)
  An ice beast (D:4)
  An iguana (D:3)
  3 gnolls (D:2)
  3 adders (D:4)
  A dart slug (D:1)
  10 orcs (D:3)
  11 bats
  8 endoplasms
  2 giant cockroaches (D:1)
  10 goblins
  4 hobgoblins
  3 jackals (D:3)
  A quokka (D:3)
  8 ball pythons
  2 frilled lizards
  6 kobolds
  2 rats
77 creatures vanquished.

Table legend:
 A = Non-vault XP
 B = Vault XP
 C = Vault XP percentage of total XP
 D = Non-vault monster count
 E = Vault monster count
 F = Vault count percentage of total count
                 A         B        C        D         E       F
            +---------+---------+-------+---------+---------+-------
      Total |     508 |       0 |   0.0 |      77 |       0 |   0.0
            +---------+---------+-------+---------+---------+-------
        D:1 |      35 |       0 |   0.0 |      20 |       0 |   0.0
        D:2 |      65 |       0 |   0.0 |      16 |       0 |   0.0
        D:3 |     102 |       0 |   0.0 |      32 |       0 |   0.0
        D:4 |     306 |       0 |   0.0 |       9 |       0 |   0.0
            +---------+---------+-------+---------+---------+-------

Illustrated notes

Table legend:
 A = Kills in this place as a percentage of kills in entire the game.
 B = Kills by you in this place as a percentage of kills by you in the entire game.
 C = Kills by friends in this place as a percentage of kills by friends in the entire game.
 D = Other kills in this place as a percentage of other kills in the entire game.
 E = Experience gained in this place as a percentage of experience gained in the entire game.
 F = Experience gained in this place divided by the number of levels of this place that you have seen.
                   A       B       C       D       E      F
               +-------+-------+-------+-------+-------+----------------------
         Total | 100.0 | 100.0 |   N/A |   N/A | 100.0 | 127.0
       Dungeon | 100.0 | 100.0 |   N/A |   N/A | 100.0 | 127.0
               +-------+-------+-------+-------+-------+----------------------

Table legend: (Time is in decaauts)
 A = Elapsed time spent in this place.
 B = Non-inter-level travel time spent in this place.
 C = Inter-level travel time spent in this place.
 D = Time resting spent in this place.
 E = Time spent auto-exploring this place.
 F = Levels seen in this place.
 G = Mean time per level.
                   A        B        C        D        E       F      G
               +--------+--------+--------+--------+--------+-----+--------+
         Total |   2199 |   2079 |    120 |    120 |   1462 |   4 |  549.8 |
       Dungeon |   2199 |   2079 |    120 |    120 |   1462 |   4 |  549.8 |
               +--------+--------+--------+--------+--------+-----+--------+

Top non-repeatable levels by time:
     D:1: 806 daAuts
     D:2: 724 daAuts
     D:3: 465 daAuts
     D:4: 202 daAuts
